 Dungeon Crawl Stone Soup version 0.26-a0-597-gb535b0901c (webtiles) character file.

Game seed: 16805540439661463228

(classic levelgen) 174 EnegeticOcto the Chopper (level 5, -1/49 HPs)
             Began as a Deep Dwarf Fighter on Aug 27, 2020.
             Slain by a hound (3 damage)
             ... on level 4 of the Dungeon.
             The game lasted 00:00:28 (438 turns).

EnegeticOcto the Chopper (Deep Dwarf Fighter)        Turns: 438, Time: 00:00:28

Health: -1/49      AC:  8    Str: 20    XL:     5   Next: 28%
Magic:  4/4        EV:  7    Int:  9    God:
Gold:   67         SH:  9    Dex: 12    Spells: 4/4 levels left

rFire    . . .     SeeInvis .   a - +0 war axe
rCold    . . .     Faith    .   c - +0 kite shield
rNeg     . . .     Spirit   .   b - +0 scale mail
rPois    .         Reflect  .   h - +1 hat
rElec    .         Harm     .   (no cloak)
rCorr    .                      (no gloves)
MR       .....                  (no boots)
Stlth    ..........             (no amulet)
HPRegen  0.00/turn              (no ring)
MPRegen  0.09/turn              (no ring)

@: non-regenerating
A: damage resistance, heal wounds, sense surroundings 1, no regeneration
a: Heal Wounds


You were on level 4 of the Dungeon.
You visited 1 branch of the dungeon, and saw 4 of its levels.

You collected 67 gold pieces.

Inventory:

Hand Weapons
 a - a +0 war axe (weapon)
Armour
 b - a +0 scale mail (worn)
 c - a +0 kite shield (worn)
 h - a +1 hat (worn)
Scrolls
 f - a scroll of enchant armour {unknown}
 g - 2 scrolls of amnesia {unknown}
 i - a scroll of immolation {unknown}
Potions
 d - a potion of might {@q3}
 e - 2 potions of curing {unknown}
 j - a potion of heal wounds {unknown}


   Skills:
 + Level 3.4 Fighting
 * Level 4.2 Axes
 + Level 4.1 Armour
 + Level 4.1 Shields


You had 4 spell levels left.
You didn't know any spells.
Your spell library was empty.

Dungeon Overview and Level Annotations

Branches:
Dungeon (4/15)
 Temple: D:4-7

Altars:

Annotations:
D:4 Blork the orc


Innate Abilities, Weirdness & Mutations

You are resistant to damage.
You can heal yourself by infusing magical energy.
You passively map a small area around you.
You do not regenerate.


Message History

Blork the orc hits you from afar with a +0 halberd!
Your shield and scale mail prevent you from hitting the hound.
The hound is lightly wounded.
The hound bites you. x2
Blork the orc mumbles some strange words.
Blork the orc flickers and vanishes!
Deactivating autopickup; reactivate with Ctrl-A.
You miss the hound.
The hound is lightly wounded.
You block the hound's attack. Something hits you! The hound bites you.
You barely miss the hound.
The hound is lightly wounded.
The hound bites you. Something hits you! You block the hound's attack.
You are too injured to fight recklessly!
You are too injured to fight recklessly!
You are too injured to fight recklessly!
You are too injured to fight recklessly!
You are too injured to fight recklessly!
You are too injured to fight recklessly!
You are too injured to fight recklessly!
You are too injured to fight recklessly!
You are too injured to fight recklessly!
You are too injured to fight recklessly!
You are too injured to fight recklessly!
A hound is nearby!
You fail to use your ability.
The hound bites you but does no damage. Something hits you but does no damage.
You are too injured to fight recklessly!
You are too injured to fight recklessly!
You are too injured to fight recklessly!
You are too injured to fight recklessly!
You are too injured to fight recklessly!
You are too injured to fight recklessly!
You are too injured to fight recklessly!
You are too injured to fight recklessly!
You are too injured to fight recklessly!
You feel much better. The hound bites you but does no damage.
The hound bites you. Something hits you!
The hound bites you but does no damage. You block something's attack.
You feel much better.
The hound bites you but does no damage. x2
Your shield prevents you from hitting the hound.
The hound is lightly wounded.
You block the hound's attack. Something hits you but does no damage.
The hound bites you but does no damage.
You hear some strange, mumbled words.
You barely miss the hound.
The hound is lightly wounded.
The hound bites you. Something completely misses you.
The hound closely misses you.
You hit the hound.
The hound is moderately wounded.
Something hits you. The hound bites you. x2
Something hits you but does no damage.
You hit the hound.
The hound is moderately wounded.
The hound bites you. Something hits you but does no damage.
The hound bites you but does no damage. Something hits you but does no damage.
You hit the hound but do no damage.
The hound is moderately wounded.
The hound bites you. Something hits you. The hound barely misses you.
You closely miss the hound.
The hound is moderately wounded.
Something hits you but does no damage. The hound barely misses you.
Something hits you! The hound bites you but does no damage.
You hit the hound.
The hound is heavily wounded.
You block the hound's attack. The hound barely misses you.
Something hits you but does no damage.
You closely miss the hound.
The hound is heavily wounded.
You block the hound's attack. Something hits you. You block the hound's attack.
Something hits you but does no damage.
You hit the hound.
The hound is heavily wounded.
You block the hound's attack. Something hits you.
The hound bites you but does no damage.
You hit the hound.
The hound is severely wounded.
Something hits you!
* * * LOW HITPOINT WARNING * * *
You block the hound's attack. The hound bites you.
* * * LOW HITPOINT WARNING * * *
Something hits you but does no damage.
You are too injured to fight recklessly!
You are too injured to fight recklessly!
You are too injured to fight recklessly!
You barely miss the hound.
The hound is severely wounded.
The hound bites you. Something hits you but does no damage.
You block the hound's attack. You block something's attack.
The hound bites you but does no damage.
You closely miss the hound.
The hound is severely wounded.
Something hits you!
* * * LOW HITPOINT WARNING * * *
You block the hound's attack. Something hits you but does no damage.
You closely miss the hound.
The hound is severely wounded.
The hound bites you.
You die...

, ##.#...#*
#.####.# ,
.......## ..#..
, , ..
#..###..## ,
#.## #).#8..8##*
, , *
#..###........#
*
###.#...#...>..#
#.....####8..8##
, ##$..###
##..#### #..@.#
###...## , *
####h# ###..# *
#{# * * ##.# , ,
... , * ##.## *
.... , #...#
...... , #..<# *
*####### #...#
#...# #...#


You could see a hound.

Vanquished Creatures
  Eustachio (D:4)
  An adder (D:2)
  A worm (D:2)
  2 leopard geckos
  4 bats
  5 goblins
  4 kobolds
  A frilled lizard (D:2)
  4 rats
23 creatures vanquished.

Notes
Turn   | Place    | Note
-------+----------+-------------------------------------------
     0 | D:1      | EnegeticOcto the Deep Dwarf Fighter began the quest for the
                  | Orb.
     0 | D:1      | Reached XP level 1. HP: 20/20 MP: 1/1
   179 | D:2      | Reached XP level 2. HP: 27/27 MP: 2/2
   259 | D:2      | Reached XP level 3. HP: 31/33 MP: 3/3
   354 | D:4      | Noticed Eustachio
   395 | D:4      | Killed Eustachio
   395 | D:4      | Reached XP level 4. HP: 18/42 MP: 4/4
   395 | D:4      | Reached XP level 5. HP: 21/49 MP: 5/5
   411 | D:4      | Noticed Blork the orc
   437 | D:4      | HP: 2/49 [something (6)]
   438 | D:4      | Slain by a hound

Illustrated notes

Levels and vault maps discovered:
D:1:      tarquinn_simple_flora_water_e, layout_loops_ring
D:2:      layout_loops_ring
D:3:      layout_basic, lemuel_round_altar, lemuel_round_altar
D:4:      layout_rooms, grunt_temple_overflow_forces_of_nature,
          minmay_temple_entry_hall, st_stairs_6, uniq_edmund,
          uniq_blork_the_orc, uniq_eustachio

Skill      XL: |  1  2  3 |
---------------+----------+-----
Axes           | 3 4 |  4.2
Fighting       | 3 |  3.4
Armour         | 4 |  4.1
Shields        | 4 |  4.1

Action                   |  1- 3 |  4- 6 || total
-------------------------+-------+-------++-------
Melee: War axe           |   107 |    22 ||   129
 Abil: Heal Wounds       |       |     3 ||     3
Armor: Scale mail        |    80 |    23 ||   103
Dodge: Dodged            |    46 |     9 ||    55
Block: Kite shield       |    63 |    17 ||    80

Table legend: (Time is in decaauts)
 A = Elapsed time spent in this place.
 B = Non-inter-level travel time spent in this place.
 C = Inter-level travel time spent in this place.
 D = Time resting spent in this place.
 E = Time spent auto-exploring this place.
 F = Levels seen in this place.
 G = Mean time per level.
                   A        B        C        D        E       F      G
               +--------+--------+--------+--------+--------+-----+--------+
         Total |    492 |    467 |     25 |      0 |    206 |   4 |  123.0 |
       Dungeon |    492 |    467 |     25 |      0 |    206 |   4 |  123.0 |
               +--------+--------+--------+--------+--------+-----+--------+

Top non-repeatable levels by time:
     D:1: 184 daAuts
     D:4: 136 daAuts
     D:2: 110 daAuts
     D:3: 61 daAuts
